 Dungeon Crawl Stone Soup version 0.27-a0-1200-g94dc6ad4cf (webtiles) character file.

Game seed: 13583847417385364915

1406 bande the Covered (level 8, 44/44 HPs)
             Began as a Gargoyle Fighter on June 2, 2021.
             Quit the game on level 5 of the Dungeon.
             The game lasted 00:10:45 (6180 turns).

bande the Covered (Gargoyle Fighter)                Turns: 6180, Time: 00:10:45

Health: 44/44      AC: 15    Str: 22    XL:     8   Next: 70%
Magic:  8/8        EV:  9    Int:  6    God:
Gold:   321        SH: 10    Dex: 10    Spells: 7/7 levels left

rFire    . . .     SeeInvis .   d - +1 hand axe (venom)
rCold    . . .     Faith    .   c - +0 kite shield
rNeg     + . .     Spirit   .   b - +0 scale mail
rPois    ∞         Reflect  .   o - +0 helmet
rElec    +         Harm     .   j - +0 cloak
rCorr    .         Rampage  .   (no gloves)
Will     .....                  (no boots)
Stlth    ..........             (no amulet)
HPRegen  0.14/turn              (no ring)
MPRegen  0.11/turn              (no ring)

@: no status effects
A: sickness immunity, AC +5, negative energy resistance 1, electricity
resistance, torment resistance 1, petrification resistance, hooves 1, dopey 1,
frail 1
a: no special abilities


You were on level 5 of the Dungeon.
You visited 1 branch of the dungeon, and saw 5 of its levels.

You collected 321 gold pieces.

Inventory:

Hand Weapons
 a - a +0 war axe
 d - a +1 hand axe of venom (weapon)
 f - a +0 flail
 r - a +0 war axe of freezing
Armour
 b - a +0 scale mail (worn)
 c - a +0 kite shield (worn)
 j - a +0 cloak (worn)
 o - a +0 helmet (worn)
Jewellery
 e - a ring of magical power
 g - a ring of wizardry
 h - a ring of flight
Scrolls
 l - a scroll of amnesia
 p - a scroll of identify
 s - a scroll of teleportation
Potions
 i - a potion of ambrosia
 k - 2 potions of curing
 m - a potion of heal wounds
 t - a potion of brilliance {unknown}
 u - a potion of haste {unknown}


   Skills:
 + Level 5.1 Fighting
 + Level 5.8 Axes
 + Level 6.5 Armour
 + Level 2.6 Dodging
 + Level 5.8 Shields


You had 7 spell levels left.
You didn't know any spells.
Your spell library contained the following spells:

 Spells                   Type           Power      Damage    Failure   Level
 Confusing Touch          Hex            0%         N/A       100%        3
 Gell's Gravitas          Tloc           0%         N/A       100%        3
 Petrify                  Tmut/Erth      0%         N/A       100%        4
 Metabolic Englaciation   Hex/Ice        0%         N/A       100%        5
 Yara's Violent Unravell  Hex/Tmut       0%         3d3       100%        5


Dungeon Overview and Level Annotations

Branches:
Dungeon (5/15)
 Temple: D:4-7

Altars:
Qazlal

Shops:
D:1 ([


Innate Abilities, Weirdness & Mutations

You are immune to sickness and miasma.
Your stone body is resilient. (AC +5)
You are immune to poison.
You resist negative energy. (rN+)
You are resistant to electric shocks. (rElec)
You are resistant to unholy torment.
You are immune to petrification.
You have large cloven feet.
You are dopey. (Int -2)
You are frail. (-10% HP)


Message History

You slash the adder skeleton!
The adder skeleton is severely damaged.
You block the adder skeleton's attack.
You slash the adder skeleton!
You destroy the adder skeleton!
No target in view!
No target in view!
No target in view!
No target in view!
No target in view!
You see here a +0 short sword.
You see here a +0 mace.
Key pressed, stopping explore.
Things that are here:
a +0 whip; a +0 hand axe
Things that are here:
a +0 dagger; a +0 chain mail
Things that are here:
a +0 halberd; a gnoll skeleton Done exploring.
Done exploring.
There is a stone staircase leading down here.
You climb downwards.
Found a sedimented puce potion.
There is a stone staircase leading up here.
u - a sedimented puce potion
As you read the scroll of identify, it crumbles to dust.
n - a potion of degeneration Drop what? 21/52 slots (_ for help) (? for menu, Esc to quit)
You drop 2 scrolls of identify.
p - 2 scrolls of identify Drop what? 21/52 slots (_ for help) (? for menu, Esc to quit)
You drop a potion of degeneration.
As you read the scroll of identify, it crumbles to dust.
q - a potion of mutation Really quaff the potion of mutation?
You feel extremely strange.
Your feet thicken and deform.
You feel stupid.
You feel frail.
Okay, then.
Are you sure you want to abandon this character and quit the game? (Confirm with "yes".)

..
########...
#..@.......
#..!....###
#.<.....#
#.......+
#.......#
#######...
.... ... ..


There were no monsters in sight!

Vanquished Creatures
  Pikel (D:4)
  Sigmund (D:2)
  A black bear (D:4)
  3 necrophages
  A lemure (D:4)
  A phantom (D:3)
  3 jellies (D:2)
  A gnoll shaman (D:3)
  Jessica (D:3)
  An orc wizard (D:4)
  Natasha (D:1)
  9 gnolls
  4 adders
  2 adder skeletons (D:4)
  2 worms
  2 dart slugs (D:1)
  10 orcs
  14 endoplasms
  3 giant cockroaches
  7 goblins
  5 hobgoblins
  3 jackals (D:4)
  4 quokkas
  4 ball pythons
  8 bats
  A frilled lizard (D:2)
  12 kobolds
  5 rats
110 creatures vanquished.

Vanquished Creatures (others)
  10 fungi (D:2)
  6 toadstools (D:2)
16 creatures vanquished.

Grand Total: 126 creatures vanquished

Notes
Turn   | Place    | Note
-------+----------+-------------------------------------------
     0 | D:1      | bande the Gargoyle Fighter began the quest for the Orb.
     0 | D:1      | Reached XP level 1. HP: 14/14 MP: 1/1
   309 | D:1      | Reached XP level 2. HP: 19/19 MP: 2/2
   419 | D:1      | Found a faded altar of an unknown god.
   427 | D:1      | Found Acikhanu's Assorted Antiques.
   648 | D:1      | Found Uguushem's Antique Armour Shop.
   688 | D:1      | Found Zynauxom's Weapon Shoppe.
  1171 | D:1      | Reached XP level 3. HP: 21/23 MP: 3/3
  1810 | D:2      | Noticed Natasha
  1841 | D:1      | Reached XP level 4. HP: 8/28 MP: 4/4
  2132 | D:1      | Killed Natasha
  2133 | D:1      | Reached skill level 4 in Armour
  2494 | D:2      | You fall into a shaft and drop 1 floor!
  2679 | D:3      | Noticed a necrophage
  2712 | D:3      | Killed a necrophage
  2713 | D:3      | Reached skill level 1 in Dodging
  2713 | D:3      | Reached XP level 5. HP: 13/33 MP: 5/5
  3093 | D:3      | Noticed Jessica
  3097 | D:3      | Killed Jessica
  3603 | D:3      | Reached XP level 6. HP: 31/38 MP: 6/6
  4124 | D:2      | Noticed Sigmund
  4145 | D:2      | Killed Sigmund
  4146 | D:2      | Reached skill level 5 in Armour
  4566 | D:2      | Reached XP level 7. HP: 40/44 MP: 7/7
  5325 | D:4      | Found a stormy altar of Qazlal.
  5382 | D:4      | Noticed Pikel
  5399 | D:4      | Killed Pikel
  5400 | D:4      | Reached skill level 5 in Axes
  5400 | D:4      | Reached skill level 6 in Armour
  5400 | D:4      | Reached skill level 5 in Shields
  5400 | D:4      | Reached XP level 8. HP: 42/48 MP: 8/8
  5484 | D:4      | Reached skill level 5 in Fighting
  6170 | D:5      | Entered Level 5 of the Dungeon
  6179 | D:5      | Gained mutation: You have large cloven feet. [potion of
                  | mutation]
  6179 | D:5      | Gained mutation: You are dopey. (Int -2) [potion of
                  | mutation]
  6179 | D:5      | Gained mutation: You are frail. (-10% HP) [potion of
                  | mutation]
  6180 | D:5      | Quit the game

Illustrated notes

Levels and vault maps discovered:
D:1:      amcnicky_arrival_abandoned_market, layout_basic, serial_shops, shop,
          nicolae_shop_overgrown_old_shop, nicolae_shop_waterfront,
          basic_ecumenical_altar
D:2:      cheibrodos_fertilizer, layout_basic, uniq_natasha, uniq_sigmund
D:3:      layout_basic, minmay_mini_jars, uniq_jessica
D:4:      layout_rooms, nicolae_qazlal_scattered_showers, uniq_pikel
D:5:      layout_gridville, minmay_temple_entry_arrows,
          hangedman_abyss_or_decor_stagger

Skill      XL: |  1  2  3  4  5  6  7  8 |
---------------+-------------------------+-----
Axes           | 2 3 4 5 |  5.8
Armour         | 4 5 6 |  6.5
Dodging        | 1 2 |  2.6
Shields        | 4 5 |  5.8
Fighting       | 4 5 |  5.1

Action                   |  1- 3 |  4- 6 |  7- 9 || total
-------------------------+-------+-------+-------++-------
Melee: War axe           |   118 |   135 |    20 ||   273
       Hand axe          |       |       |   117 ||   117
  Use: Scroll            |     4 |     1 |     3 ||     8
       Potion            |       |     6 |     1 ||     7
Armor: Scale mail        |   101 |    74 |    76 ||   251
Dodge: Dodged            |    50 |    43 |    37 ||   130
Block: Kite shield       |    97 |    64 |    84 ||   245

Table legend: (Time is in decaauts)
 A = Elapsed time spent in this place.
 B = Non-inter-level travel time spent in this place.
 C = Inter-level travel time spent in this place.
 D = Time resting spent in this place.
 E = Time spent auto-exploring this place.
 F = Levels seen in this place.
 G = Mean time per level.
                   A        B        C        D        E       F      G
               +--------+--------+--------+--------+--------+-----+--------+
         Total |   6384 |   6303 |     81 |   1618 |   3457 |   5 | 1276.8 |
       Dungeon |   6384 |   6303 |     81 |   1618 |   3457 |   5 | 1276.8 |
               +--------+--------+--------+--------+--------+-----+--------+

Top non-repeatable levels by time:
     D:1: 2143 daAuts
     D:3: 1808 daAuts
     D:2: 1519 daAuts
     D:4: 904 daAuts
     D:5: 9 daAuts
